 Dungeon Crawl Stone Soup version 0.31-a0-1074-g0b22e4e0f1 (webtiles) character file.

Game seed: 15990488422623283538

3901 grandjackal the Fighter (level 10, -6/93 HPs)
             Began as a Ghoul Monk on Nov 29, 2023.
             Was an Elder of Kikubaaqudgha.
             Mangled by a yak (15 damage)
             ... on level 8 of the Dungeon.
             The game lasted 00:10:05 (7787 turns).

grandjackal the Fighter (Ghoul Monk)                Turns: 7787, Time: 00:10:06

Health: -6/93      AC:  3    Str: 16    XL:     10   Next: 20%
Magic:  9/9        EV: 13    Int: 13    God:    Kikubaaqudgha [****..]
Gold:   44         SH:  5    Dex: 17    Spells: 0/9 levels left

rFire   . .          .
                       - Unarmed
rCold   + . .        c - orb {light}
rNeg    + + +        a - +0 robe
rPois   ∞            (no helmet)
rElec   .            g - +0 cloak
rCorr   .            (no gloves)
SInv    .            (no boots)
Will    .....        t - amulet of reflection
Stlth   +            A - +6 ring of dexterity
HPRegen 0.00/turn    (no ring)
MPRegen 0.11/turn

%: reflection
@: inhibited regen, glowing
A: claws 1, cold resistance 1, negative energy resistance 3, inhibited
regeneration, torment resistance 2, devour on kill
a: Renounce Religion, Unearth Wretches


You were on level 8 of the Dungeon.
You worshipped Kikubaaqudgha.
Kikubaaqudgha was greatly pleased with you.
You visited 1 branch of the dungeon, and saw 9 of its levels.

You collected 298 gold pieces.
You spent 254 gold pieces at shops.

Inventory:

Missiles
 k - 35 poisoned darts
 l - a throwing net
Armour
 a - a +0 robe (worn)
 c - an orb of light (worn)
 g - a +0 cloak (worn)
 h - a +0 chain mail
Jewellery
 t - an amulet of reflection (around neck)
 A - a +6 ring of dexterity (left claw)
 F - a ring of ice
 I - a ring of wizardry
 K - an amulet of regeneration
Wands
 u - a wand of mindburst (20)
 w - a wand of roots (7)
 G - a wand of polymorph (8)
Scrolls
 e - 2 scrolls of fog {unknown}
 f - 10 scrolls of identify {unknown}
 j - 3 scrolls of brand weapon {unknown}
 m - a scroll of torment {unknown}
 o - a scroll of silence {unknown}
 p - a scroll of enchant armour {unknown}
 r - a scroll of poison {unknown}
 v - a scroll of immolation {unknown}
 x - 2 scrolls of revelation {unknown}
 y - 2 scrolls of fear
 z - 4 scrolls of teleportation
 B - 2 scrolls of vulnerability {unknown}
 C - a scroll of blinking {unknown}
 D - a scroll of summoning {unknown}
 J - a scroll of amnesia {unknown}
Potions
 b - a potion of ambrosia
 d - 4 potions of heal wounds {unknown}
 i - 3 potions of degeneration {unknown}
 n - 2 potions of curing {unknown}
 q - a potion of attraction {unknown}
 s - 2 potions of lignification {unknown}
 E - a potion of berserk rage {unknown}
 H - a potion of brilliance {unknown}


   Skills:
 + Level 10.0 Fighting
 - Level 3.0 Dodging
 + Level 9.9 Unarmed Combat
 + Level 7.7 Necromancy


You couldn't memorise any spells.
You knew the following spells:

 Your Spells              Type           Power      Damage    Failure   Level
a - Necrotise             Necr           80%        1d8       1%          1
b - Agony                 Necr           20%        N/A       36%         5
c - Vampiric Draining     Necr           20%        2d7       4%          3

Your spell library contained the following spells:

 Spells                   Type           Power      Damage    Failure   Level
 Kiss of Death            Conj/Necr      40%        2d8       6%          1
 Animate Dead             Necr           20%        N/A       13%         4
 Cigotuvi's Dreadful Rot  Necr/Pois/Air  12%        N/A       17%         2
 Slow                     Hex            0%         N/A       30%         1
 Ensorcelled Hibernation  Hex/Ice        0%         N/A       43%         2
 Passwall                 Tmut/Erth      0%         N/A       43%         2
 Anguish                  Hex/Necr       5%         N/A       54%         4
 Confusing Touch          Hex            0%         N/A       67%         3
 Inner Flame              Hex/Fire       0%         N/A       67%         3
 Sigil of Binding         Hex            0%         N/A       67%         3
 Swiftness                Air            0%         N/A       67%         3
 Death Channel            Necr           10%        N/A       90%         6
 Flame Wave               Conj/Fire      0%         2d4       97%         4
 Sticky Flame             Conj/Fire      0%         2d3       97%         4
 Simulacrum               Ice/Necr       5%         N/A       100%        6


Dungeon Overview and Level Annotations

Branches:
Dungeon (9/15)             Temple (0/1) D:7
   Lair: D:8-11         Orc: D:9-12

Altars:
Hepliaklqana
Kikubaaqudgha
Makhleb
Okawaru
Ru
Trog
Vehumet
Wu Jian

Shops:
D:4 *[*!   D:5 ?(

Annotations:
D:9 Grum


Innate Abilities, Weirdness & Mutations

You are immune to poison.
You have sharp fingernails.
Your flesh is cold resistant. (rC+)
You are immune to negative energy. (rN+++)
You do not regenerate when monsters are visible.
You are immune to unholy pain and torment.
You thrive by killing the living.


Message History

The yak gores you.
* * * LOW HITPOINT WARNING * * *
You claw the yak!
The yak is heavily wounded.
You claw the yak!
The yak is almost dead.
The yak misses you.
You claw the yak!
You kill the yak!
Kikubaaqudgha accepts your kill.
Your Fighting skill increases to level 10!
You scratch the yak but do no damage. The yak gores you but does no damage.
You claw the yak!
The yak is moderately wounded.
The yak gores you!
* * * LOW HITPOINT WARNING * * *
You scratch the yak.
The yak is heavily wounded.
The yak gores you.
* * * LOW HITPOINT WARNING * * *
You are confused.
You feel invigorated. The yak barely misses you.
You're too confused to move!
The yak gores you.
* * * LOW HITPOINT WARNING * * *
You're too confused to attack without stumbling around!
You're too confused to attack without stumbling around!
There are no items here.
There are no items here.
The yak barely misses you. The yak barely misses you. The yak gores you!
* * * LOW HITPOINT WARNING * * *
The yak gores you but does no damage.
You feel less invigorated.
You feel less confused. The yak gores you!
* * * LOW HITPOINT WARNING * * *
The yak gores you!
You die...
Kikubaaqudgha rasps: "You have failed me!
Welcome... oblivion!"

##..#.##.# #........#####
#.#..........#...
#########'##.......#.#.##
#...'.....##...#.#<......
#.#.##.###.#.####.###.#.##
#.# #.#( #.. .# # #.###.#.
#### . #cYY@.+. .. #'#####
# .. #######...# .### ..#
#......Y#####...
#.........#...
#......†#.#.#
#.......#.YY#
#.......#.#Y......
#.......#.#Y#.##.#


You could see 2 yaks and a centaur.

Vanquished Creatures
  Maggie (D:7)
  3 yaks (D:8)
  2 water moccasins
  Duvessa (D:5)
  2 ice beasts (D:5)
  An orc warrior (D:7)
  A black bear (D:6)
  2 ogres (D:5)
  2 wolves
  3 centaurs
  3 kobold brigands
  2 bullfrogs (D:9)
  4 scorpions
  7 wights (D:7)
  Dowan (D:5)
  7 howler monkeys
  4 hounds
  4 jellies
  An orc priest (D:3)
  A sleepcap (D:6)
  3 iguanas
  5 orc wizards (D:9)
  3 gnolls (D:3)
  8 adders
  A shadow imp (D:6)
  2 ufetubi (D:6)
  19 orcs
  6 ball pythons
  4 endoplasms
  6 giant cockroaches
  3 goblins
  4 hobgoblins
  7 jackals
  17 kobolds
  A quokka (D:1)
  3 bats
  A frilled lizard (D:3)
  3 rats
148 creatures vanquished.

Notes
Turn   | Place    | Note
-------+----------+-------------------------------------------
     0 | D:1      | grandjackal the Ghoul Monk began the quest for the Orb.
     0 | D:1      | Reached XP level 1. HP: 19/19 MP: 0/0
   320 | D:1      | Reached XP level 2. HP: 23/26 MP: 1/1
  1432 | D:2      | Reached XP level 3. HP: 31/33 MP: 2/2
  1621 | D:2      | Reached skill level 4 in Fighting
  2023 | D:3      | Reached XP level 4. HP: 26/41 MP: 3/3
  2332 | D:3      | Reached XP level 5. HP: 47/47 MP: 4/4
  2417 | D:3      | Found a bloodstained altar of Trog.
  2418 | D:3      | Found a burning altar of Makhleb.
  2421 | D:3      | Found a sacrificial altar of Ru.
  2422 | D:3      | Found an ancient bone altar of Kikubaaqudgha.
  2429 | D:3      | Became a worshipper of Kikubaaqudgha
  2429 | D:3      | Reached * piety under Kikubaaqudgha
  2429 | D:3      | Received a gift from Kikubaaqudgha
  2429 | D:3      | Reached ** piety under Kikubaaqudgha
  2434 | D:3      | Learned a level 1 spell: Necrotise
  2459 | D:3      | Found a radiant altar of Vehumet.
  2459 | D:3      | Found a hazy altar of Hepliaklqana.
  2460 | D:3      | Found an iron altar of Okawaru.
  2908 | D:4      | Found Ovorox's Antique Armour Emporium.
  3011 | D:4      | Found Quozxi's Assorted Antiques.
  3023 | D:4      | Bought a shiny garnet ring for 110 gold pieces
  3046 | D:4      | Reached skill level 5 in Fighting
  3046 | D:4      | Reached skill level 5 in Unarmed Combat
  3046 | D:4      | Reached skill level 1 in Necromancy
  3117 | D:4      | Reached XP level 6. HP: 45/56 MP: 5/5
  3205 | D:4      | Found Kugoelolo's Distillery.
  3475 | D:4      | Found Liki's General Store.
  3479 | D:4      | Bought a scroll of noise for 13 gold pieces
  3578 | D:5      | Entered Level 5 of the Dungeon
  3578 | D:5      | Noticed an ice beast
  3589 | D:5      | Killed an ice beast
  3590 | D:5      | Reached skill level 6 in Fighting
  3590 | D:5      | Reached XP level 7. HP: 53/63 MP: 6/6
  3714 | D:5      | Found Jaosiujimi's Weapon Shoppe.
  3972 | D:5      | Reached *** piety under Kikubaaqudgha
  3972 | D:5      | Received a gift from Kikubaaqudgha
  3980 | D:5      | Reached XP level 8. HP: 69/71 MP: 7/7
  3986 | D:5      | Learned a level 5 spell: Agony
  4006 | D:5      | Noticed Duvessa
  4035 | D:5      | Killed Duvessa
  4061 | D:5      | Noticed Dowan
  4104 | D:5      | Killed Dowan
  4105 | D:5      | Reached skill level 7 in Fighting
  4410 | D:5      | Found Xism's Magic Scroll Boutique.
  4418 | D:5      | Bought a scroll of fear for 48 gold pieces
  4867 | D:6      | Reached skill level 5 in Necromancy
  5065 | D:6      | You fall into a shaft and drop 3 floors!
  5083 | D:9      | Reached skill level 8 in Fighting
  5087 | D:9      | Reached XP level 9. HP: 52/81 MP: 8/8
  5182 | D:9      | Reached **** piety under Kikubaaqudgha
  5745 | D:9      | Noticed Grum
  5798 | D:7      | Noticed Maggie
  5808 | D:7      | Killed Maggie
  5809 | D:7      | Reached skill level 9 in Fighting
  6598 | D:7      | Found an ornate altar of the Wu Jian Council.
  6901 | D:7      | Found a staircase to the Ecumenical Temple.
  7200 | D:7      | Reached XP level 10. HP: 62/91 MP: 9/9
  7323 | D:7      | Learned a level 3 spell: Vampiric Draining
  7431 | D:4      | Bought a scroll labelled HENNOKL NEOBO for 22 gold pieces
  7431 | D:4      | Bought a scroll labelled LUITEM ZANARUM for 22 gold pieces
  7467 | D:4      | Bought a scroll of teleportation for 39 gold pieces
  7777 | D:8      | Reached skill level 10 in Fighting
  7779 | D:8      | HP: 4/93 [yak (4)]
  7787 | D:8      | Mangled by a yak

Illustrated notes

Levels and vault maps discovered:
D:1:      minmay_arrival_shattered_statue, layout_basic,
          serial_co_window_serial, co_window_corner_a,
          co_window_of_opportunity_a, co_window_paths_a, co_window_corner_a,
          co_window_paths_a, co_window_2corner, co_window_broadway_b,
          co_window_2corner, co_window_corner_cb, co_window_4corner_a,
          co_window_paths_d, glass_columns_b, glass_columns_a, fountainhead,
          grunt_decor_arrowhead
D:2:      layout_loops_ring, minmay_close_crescents
D:3:      layout_basic, minitemple, gammafunk_temple_overflow_claw,
          elyvilon_altar_1
D:4:      layout_cave_pools, serial_shops, shop, nicolae_shop_back_alley_shop,
          shop, shop, serial_library_hellmonk_open_cross
D:5:      layout_cave_pools, serial_shops, shop, shop,
          chequers_serial_rivers_small_a, nicolae_tricolors, uniq_duvessa
D:6:      layout_basic, minmay_misc_feat_five
D:7:      layout_loops_ring, mainiacjoe_overflow_brackets,
          minmay_temple_entry_butterflies, uniq_maggie
D:8:      statuecave_lemuel, layout_loops_cross, grunt_temple_overflow_opulence,
          enter_bailey_5, minmay_misc_feat_encased, grunt_decor_mini_mirrors,
          nicolae_phantomly_mirrored
D:9:      layout_basic, uniq_grum

Skill      XL: |  1  2  3  4  5  6  7  8  9 10 |
---------------+-------------------------------+-----
Dodging        | 3 |  3.0
Fighting       | 4 5 6 8 9 10 | 10.0
Unarmed Combat | 4 5 6 8 9 |  9.9
Necromancy     | 1 2 3 5 7 |  7.7

Action                     |  1- 3 |  4- 6 |  7- 9 | 10-12 || total
---------------------------+-------+-------+-------+-------++-------
  Melee: Unarmed           |    66 |   103 |   272 |    32 ||   473
   Cast: Necrotise         |       |     4 |     1 |       ||     5
  Evoke: Wand              |       |       |    10 |       ||    10
    Use: Potion            |       |       |       |     1 ||     1
 Armour: Robe              |    26 |    47 |   151 |    25 ||   249
  Dodge: Dodged            |    33 |    54 |   151 |    29 ||   267

Table legend: (Time is in decaauts)
 A = Elapsed time spent in this place.
 B = Non-inter-level travel time spent in this place.
 C = Inter-level travel time spent in this place.
 D = Time resting spent in this place.
 E = Time spent auto-exploring this place.
 F = Levels seen in this place.
 G = Mean time per level.
                   A        B        C        D        E       F      G
               +--------+--------+--------+--------+--------+-----+--------+
         Total |   7735 |   7199 |    536 |   1102 |   4861 |   9 |  859.4 |
       Dungeon |   7735 |   7199 |    536 |   1102 |   4861 |   9 |  859.4 |
               +--------+--------+--------+--------+--------+-----+--------+

Top non-repeatable levels by time:
     D:1: 1262 daAuts
     D:6: 1192 daAuts
     D:7: 1145 daAuts
     D:3: 981 daAuts
     D:5: 957 daAuts
     D:4: 719 daAuts
     D:2: 696 daAuts
     D:9: 678 daAuts
     D:8: 100 daAuts
